 Dungeon Crawl Stone Soup version 0.27.0-66-gdc8fb28755 (webtiles) character file.

Game seed: 10428061108606806151

273 ZARRMARR the Cudgeller (level 6, -9/56 HPs)
             Began as a Minotaur Berserker on Aug 19, 2021.
             Was a Believer of Trog.
             Killed by an exploding dream sheep (40 damage)
             ... ignited by their inner flame
             ... on level 3 of the Dungeon.
             The game lasted 00:11:05 (3755 turns).

ZARRMARR the Cudgeller (Minotaur Berserker)         Turns: 3755, Time: 00:11:06

Health: -9/56      AC:  4    Str: 22    XL:     6   Next: 2%
Magic:  5/5        EV: 12    Int:  4    God:    Trog [**....]
Gold:   168        SH:  0    Dex: 11    Spells: 5/5 levels left

rFire    . . .     SeeInvis .   a - +1 mace
rCold    . . .     Faith    .   (no shield)
rNeg     . . .     Spirit   .   b - +0 animal skin
rPois    .         Reflect  .   (helmet restricted)
rElec    .         Harm     .   (no cloak)
rCorr    .         Rampage  .   (no gloves)
Will     .....                  f - +1 pair of boots
Stlth    +.........             (no amulet)
HPRegen  0.18/turn              (no ring)
MPRegen  0.09/turn              (no ring)

@: no status effects
A: horns 2, retaliatory headbutt
a: Renounce Religion, Berserk, Trog's Hand


You were on level 3 of the Dungeon.
You worshipped Trog.
Trog was pleased with you.
You visited 1 branch of the dungeon, and saw 3 of its levels.

You collected 168 gold pieces.

Inventory:

Hand Weapons
 a - a +1 mace (weapon)
Missiles
 r - 21 poisoned darts (quivered)
Armour
 b - a +0 animal skin (worn)
 f - a +1 pair of boots (worn)
 p - a +0 kite shield
Wands
 m - a wand of flame (4)
 n - a wand of digging (5)
Scrolls
 d - a scroll of noise {unknown}
 h - a scroll of brand weapon {unknown}
 i - a scroll of fog
 j - a scroll of enchant weapon
 q - a scroll of holy word
 u - a scroll of teleportation {unknown}
Potions
 c - a potion of degeneration {unknown}
 e - 3 potions of curing
 g - a potion of heal wounds {unknown}
 k - a potion of lignification {unknown}
 o - a potion of berserk rage {unknown}
 s - a potion of might
 t - 2 potions of haste {unknown}


   Skills:
 + Level 5.6 Fighting
 + Level 5.8 Maces & Flails
 + Level 0.1 Throwing
 + Level 3.1 Armour
 + Level 3.4 Dodging


You had 5 spell levels left.
You didn't know any spells.
Your spell library contained the following spells:

 Spells                   Type           Power      Damage    Failure   Level
 Stone Arrow              Conj/Erth      0%         3d7       86%         3
 Bolt of Magma            Conj/Fire/Erth 0%         4d4       100%        5
 Shatter                  Erth           0%         3d5*      100%        9


Dungeon Overview and Level Annotations

Branches:
Dungeon (3/15)

Altars:
Ashenzari
Xom

Annotations:
D:3 1 runed translucent door, Crazy Yiuf


Innate Abilities, Weirdness & Mutations

You have a pair of horns on your head.
You reflexively headbutt those who attack you in melee.


Message History

You kill the kobold!
Trog accepts your kill.
Things that are here:
a +0 club; a kobold corpse
Things that are here:
a +0 club; a kobold corpse
Found a stone staircase leading down.
Found a stone staircase leading up.
Found a whip.
There is a stone staircase leading down here.
Found a mace.
Found a runed translucent door.
Unknown command.
Crazy Yiuf shouts!
You open the door.
The walls suddenly crumble! 5 dream sheep come into view.
A dream sheep catches fire!
The dream sheep panics and turns to flee.
A dream sheep catches fire!
The dream sheep bleats in terror.
A dream sheep catches fire!
A frightened dream sheep leaps away.
A dream sheep catches fire!
The dream sheep stampedes away.
A dream sheep catches fire!
The dream sheep stampedes away.
You hear mad divine giggling.
Found a shimmering altar of Xom.
The dream sheep burns! x5
The dream sheep burns! x5
The dream sheep bleats! x4
You sock the dream sheep!
Flame seeps out of the dream sheep.
Your attack snaps the dream sheep out of its fear.
The dream sheep is almost dead.
The dream sheep burns! x9
The dream sheep explodes!
The fiery explosion engulfs you!!
The dream sheep explodes!
The fiery explosion engulfs you!!!
Ouch! That really hurt!
You die...

#..#.........##.#.## #.#
.....######.##..#..## #.#
..#########.##.###..####.#
.## #..........##....#.#
## #..........###.#...#
#..............##.<####
#####..........#......#
#..........#......#
#...§.@.§..#......#
#...§○§§§..#......#
#.....§§§.........#
#.....Y.....#######
#.....Y.Y...#
#...........#
#############


You could see 3 dream sheep.

Vanquished Creatures
  A scorpion (D:3)
  A hound (D:3)
  Jessica (D:2)
  Natasha (thrice) (D:2)
  2 adders
  A worm (D:2)
  5 orcs (D:3)
  4 bats (D:2)
  2 endoplasms (D:2)
  4 giant cockroaches
  5 goblins
  3 hobgoblins
  3 jackals (D:3)
  10 kobolds
  A quokka (D:2)
  6 ball pythons
  2 frilled lizards
  9 rats
63 creatures vanquished.

Vanquished Creatures (others)
  2 dream sheep (D:3)
2 creatures vanquished.

Grand Total: 65 creatures vanquished

Notes
Turn   | Place    | Note
-------+----------+-------------------------------------------
     0 | D:1      | ZARRMARR the Minotaur Berserker began the quest for the
                  | Orb.
     0 | D:1      | Reached XP level 1. HP: 19/19 MP: 0/0
   317 | D:1      | Found a faded altar of an unknown god.
   739 | D:1      | Reached XP level 2. HP: 26/27 MP: 1/1
  1222 | D:2      | Noticed Natasha
  1227 | D:2      | Killed Natasha
  1228 | D:2      | Reached XP level 3. HP: 34/34 MP: 2/2
  2027 | D:2      | Noticed Natasha
  2037 | D:2      | Killed Natasha
  2038 | D:2      | Reached XP level 4. HP: 23/41 MP: 3/3
  2488 | D:2      | Noticed Natasha
  2488 | D:2      | Noticed Jessica
  2495 | D:2      | Killed Jessica
  2496 | D:2      | Killed Natasha
  2497 | D:2      | Reached skill level 5 in Fighting
  2497 | D:2      | Reached skill level 5 in Maces & Flails
  2498 | D:2      | Reached ** piety under Trog
  2688 | D:2      | Reached XP level 5. HP: 48/48 MP: 4/4
  3339 | D:3      | Reached XP level 6. HP: 53/56 MP: 5/5
  3380 | D:3      | Found a broken altar of Ashenzari.
  3719 | D:3      | Found a runed translucent door.
  3720 | D:3      | Noticed Crazy Yiuf
  3752 | D:3      | Noticed a dream sheep
  3752 | D:3      | Noticed a dream sheep
  3752 | D:3      | Noticed a dream sheep
  3752 | D:3      | Noticed a dream sheep
  3752 | D:3      | Noticed a dream sheep
  3752 | D:3      | Found a shimmering altar of Xom.
  3755 | D:3      | Killed a dream sheep
  3755 | D:3      | Killed a dream sheep
  3755 | D:3      | Killed by an exploding dream sheep... ignited by their
                  | inner flame

Illustrated notes

Levels and vault maps discovered:
D:1:      lightli_arrival_maybe_door_vault, layout_loops_corners,
          hellmonk_ecumenical_altar_zigzags, serial_glass, glass_columns_b,
          glass_columns_a, item_on_display_a
D:2:      layout_basic, grunt_ministairs_14, minmay_joined_circles,
          uniq_natasha, uniq_jessica
D:3:      layout_rooms, kb_xom_exploding_sheep, evilmike_ruin_ashenzari,
          uniq_crazy_yiuf_cottage

Skill      XL: |  1  2  3  4  5 |
---------------+----------------+-----
Maces & Flails | 4 5 |  5.8
Fighting       | 4 5 |  5.6
Dodging        | 3 |  3.4
Armour         | 3 |  3.1
Throwing       | |  0.1

Action                   |  1- 3 |  4- 6 || total
-------------------------+-------+-------++-------
Melee: Mace              |    47 |    53 ||   100
       Headbutt          |     5 |     8 ||    13
Throw: Dart              |       |    13 ||    13
Invok: Berserk           |     3 |     3 ||     6
Evoke: Wand              |       |     1 ||     1
  Use: Scroll            |       |     6 ||     6
Armor: Animal skin       |    10 |     6 ||    16
Dodge: Dodged            |    29 |    34 ||    63
